 Dungeon Crawl Stone Soup version 0.29.1-2-gbd0b4ee654 (webtiles) character file.

Game seed: 154867497145876285

47 Sabo the Trooper (level 3, -1/36 HPs)
             Began as a Naga Berserker on Nov 11, 2022.
             Was a Follower of Trog.
             Slain by a kobold
             ... wielding a +0 club
              (4 damage)
             ... on level 2 of the Dungeon.
             The game lasted 00:07:49 (1910 turns).

Sabo the Trooper (Naga Berserker)                   Turns: 1910, Time: 00:07:49

Health: -1/36      AC:  2    Str: 21    XL:     3   Next: 70%
Magic:  3/3        EV: 10    Int:  7    God:    Trog [*.....]
Gold:   57         SH:  0    Dex: 10    Spells: 2/2 levels left

rFire   . . .      SeeInvis +   f - +1 falchion (holy)
rCold   . . .      Faith    .   (no shield)
rNeg    . . .      Spirit   .   b - +0 animal skin
rPois   +          Reflect  .   (no helmet)
rElec   .          Harm     .   (no cloak)
rCorr   .          Rampage  .   (no gloves)
Will    .....                   (no barding)
Stlth   +.........              (no amulet)
HPRegen 0.12/turn               (no ring)
MPRegen 0.08/turn               (no ring)

@: on berserk cooldown, slowed, very slow
A: AC +1, large, see invisible, deformed body, poison resistance, slowness 2,
spit poison 1, naga tail 1
a: Spit Poison, Renounce Religion, Berserk


You were on level 2 of the Dungeon.
You worshipped Trog.
Trog was aware of your devotion.
You visited 1 branch of the dungeon, and saw 2 of its levels.

You collected 57 gold pieces.

Inventory:

Hand Weapons
 a - a +0 hand axe
 f - a +1 falchion of holy wrath (weapon)
Armour
 b - a +0 animal skin (worn)
Scrolls
 c - a scroll of blinking
 h - a scroll of summoning {unknown}
 i - a scroll of enchant weapon {unknown}


   Skills:
 + Level 3.9 Fighting
 + Level 0.7 Long Blades
 + Level 3.2 Axes
 + Level 1.7 Armour
 + Level 1.8 Dodging
 + Level 0.6 Stealth


You had 2 spell levels left.
You didn't know any spells.
Your spell library was empty.

Dungeon Overview and Level Annotations

Branches:
Dungeon (2/15)

Altars:


Innate Abilities, Weirdness & Mutations

Your serpentine skin is tough. (AC +1)
You have supernaturally acute eyesight. (SInv)
Armour fits poorly on your strangely shaped body.
Your system is resistant to poisons. (rPois)
You cover ground very slowly.
You can spit poison.
You have a snake-like lower body.


Message History

You feel sick. The endoplasm freezes you.
You are frozen.
* * * LOW HITPOINT WARNING * * *
It was a potion of invisibility.
You fade into invisibility!
* * * LOW HITPOINT WARNING * * *
You feel sick. The endoplasm closely misses you.
It was a potion of berserk rage.
A red film seems to cover your vision as you go berserk!
You feel yourself moving faster!
You feel mighty!
You feel sick. The endoplasm freezes you.
You are frozen.
* * * LOW HITPOINT WARNING * * *
You slash the endoplasm!
You kill the endoplasm!
Trog accepts your kill.
You start resting.
You feel sick.
You are no longer poisoned.
You start resting.
You feel a strong urge to attack something.
You start resting.
You are no longer berserk.
You are exhausted.
You feel yourself slow down.
You start resting.
A kobold comes into view. It is wielding a +0 club.
The kobold moves out of view.
You start resting.
A kobold is nearby!
You flicker for a moment.
You start resting.
You flicker back into view.
The kobold barely misses you. The kobold hits you with a +0 club.
* * * LOW HITPOINT WARNING * * *
The kobold hits you with a +0 club.
* * * LOW HITPOINT WARNING * * *
You closely miss the kobold. The kobold hits you with a +0 club.
You die...

## #.# #.# ##.# #.##
#@.## .#
############K#.#.#
#............../####
#.#.................
#...#######...######
##.## #....... #.#
#..#..... #.#
#..#...... #.#
#..#......


You could see a kobold.

Vanquished Creatures
  A gnoll (D:1)
  An adder (D:2)
  2 dart slugs (D:1)
  2 ball pythons (D:1)
  2 endoplasms
  3 giant cockroaches (D:1)
  A hobgoblin (D:1)
  A kobold (D:1)
  2 quokkas
  4 bats (D:1)
  3 frilled lizards
  4 rats
26 creatures vanquished.

Notes
Turn   | Place    | Note
-------+----------+-------------------------------------------
     0 | D:1      | Sabo the Naga Berserker began the quest for the Orb.
     0 | D:1      | Reached XP level 1. HP: 21/21 MP: 1/1
   292 | D:1      | Reached XP level 2. HP: 28/28 MP: 2/2
   703 | D:1      | Found a faded altar of an unknown god.
  1206 | D:1      | Reached XP level 3. HP: 24/34 MP: 3/3
  1892 | D:2      | HP: 2/54 [poisoned by an adder]
  1910 | D:2      | Slain by a kobold

Illustrated notes

Levels and vault maps discovered:
D:1:      minmay_arrival_three_doors, layout_loops_ring,
          shapermc_ecumenical_altar_venn, chequers_serial_rivers_micro_b,
          due_unseen_surprise
D:2:      layout_loops_ring, basic_altar

Action                   || total
-------------------------++-------
Melee: Hand axe          ||    19
       Falchion          ||    42
       Punch             ||     1
 Abil: Spit Poison       ||     6
  Use: Scroll            ||     2
       Potion            ||     2
 Stab: Sleeping          ||     1
Armor: Animal skin       ||    15
Dodge: Dodged            ||    39
